 Dungeon Crawl Stone Soup version 0.29-a0-925-g0a7a3d12f8 (webtiles) character file.

Game seed: 535137920378926098

193 Newt the Covered (level 6, -2/43 (52) HPs)
             Began as a Meteoran Fighter on July 29, 2022.
             Slain by an orc wizard
             ... wielding a +0 dagger
              (3 damage)
             ... on level 2 of the Dungeon.
             The game lasted 00:05:01 (1895 turns).

Newt the Covered (Meteoran Fighter)                 Turns: 1895, Time: 00:05:02

HP:   -2/43 (52)    AC:  9    Str: 21    XL:     6   Next: 24%
MP:   7/7           EV: 14    Int:  9    God:
Gold: 126           SH:  5    Dex: 13    Spells: 5/5 levels left

rFire   . . .      SeeInvis .   a - +0 flail
rCold   . . .      Faith    .   c - +0 buckler
rNeg    . . .      Spirit   .   b - +0 scale mail
rPois   .          Reflect  .   e - +1 helmet
rElec   .          Harm     .   (no cloak)
rCorr   .          Rampage  .   (no gloves)
Will    .....                   (no boots)
Stlth   ..........              (no amulet)
HPRegen 0.14/turn               f - +4 ring of evasion
MPRegen 0.10/turn               (no ring)

@: glowing, heavily drained, bezotted
A: sense surroundings 1, otherworldly, glowing, explore regen
a: no special abilities


You were on level 2 of the Dungeon.
You visited 1 branch of the dungeon, and saw 3 of its levels.

You collected 126 gold pieces.

Inventory:

Hand Weapons
 a - a +0 flail (weapon)
Armour
 b - a +0 scale mail (worn)
 c - a +0 buckler (worn)
 e - a +1 helmet (worn)
Jewellery
 f - a +4 ring of evasion (left hand)
Wands
 h - a wand of polymorph (12)
Scrolls
 i - a scroll of teleportation {unknown}
 j - a scroll of identify {unknown}
 k - 2 scrolls of butterflies
Potions
 d - a potion of might
 g - a potion of mutation {unknown}


   Skills:
 + Level 4.1 Fighting
 - Level 2.6(3.1) Maces & Flails
 * Level 1.9(2.5) Staves
 + Level 4.8 Armour
 + Level 2.2 Dodging
 + Level 4.3 Shields
 * Level 2.1 Evocations


You had 5 spell levels left.
You didn't know any spells.
Your spell library was empty.

Dungeon Overview and Level Annotations

Branches:
Dungeon (3/15) Zot: 56

Altars:


Innate Abilities, Weirdness & Mutations

You passively map a small area around you.
You are easily found by Zot.
You glow in the dark.
You regain HP and MP as you explore.


Message History

Deactivating autopickup; reactivate with Ctrl-A.
The ball python attacks as you move away!
The ball python bites you but does no damage.
You block the ball python's attack.
The ball python attacks as you move away!
The ball python barely misses you. You block the ball python's attack.
The ball python misses you.
You hear some strange, mumbled words.
A puff of flame appears from out of thin air!
The puff of flame misses you.
There is an escape hatch in the ceiling here.
You block the ball python's attack. The ball python grabs you.
You stop ascending the stairs.
The ball python constricts you.
You hear some strange, mumbled words.
A magic dart appears from out of thin air!
The magic dart hits you.
* * * LOW HITPOINT WARNING * * *
Unknown command.
You escape the ball python's grasp.
Something hits you but does no damage. The orc hits you with a +0 hand axe.
* * * LOW HITPOINT WARNING * * *
A mysterious force pulls you upwards. The hatch slams shut behind you.
Reactivating autopickup.
Unknown command.
You hit the ball python.
The ball python is moderately wounded.
The ball python bites you but does no damage.
The ball python grabs you. The ball python constricts you.
You block the ball python's attack. The ball python constricts you.
Something hits you.
* * * LOW HITPOINT WARNING * * *
Deactivating autopickup; reactivate with Ctrl-A.
You hit the ball python.
You kill the ball python!
You hear some strange, mumbled words.
A magic dart appears from out of thin air!
The magic dart hits you.
* * * LOW HITPOINT WARNING * * *
You miss something. Something hits you.
You die...

#.# #,* #)#
#.# , , ##.
#[# #.### ,
*#...#######.#
#...# * ,*
#..>).)...#
###.# , ,*
#...#########
#.# ###..# *
#.# *** #.##*
#.# * #{# #.#
* #@# #.# ,
#o#* #.# , #..
* #g# #### ,
#g# * #.# ,
#)#* * #.g ,*
** #gg#


You could see an orc.

Vanquished Creatures
  A necrophage (D:2)
  Ijyb (D:3)
  Robin (D:2)
  3 gnolls
  2 adders
  A dart slug (D:1)
  An orc (D:3)
  2 endoplasms (D:1)
  10 goblins
  6 hobgoblins
  6 kobolds
  8 ball pythons
  2 bats
  2 frilled lizards (D:1)
  2 rats
48 creatures vanquished.

Notes
Turn   | Place    | Note
-------+----------+-------------------------------------------
     0 | D:1      | Newt the Meteoran Fighter began the quest for the Orb.
     0 | D:1      | Reached XP level 1. HP: 19/19 MP: 2/2
    14 | D:1      | Reached XP level 2. HP: 16/26 MP: 3/3
   472 | D:1      | Reached skill level 1 in Evocations
   472 | D:1      | Reached XP level 3. HP: 31/31 MP: 4/4
   485 | D:1      | Glimpsed the power of Zot.
   535 | D:1      | Glimpsed the power of Zot.
   672 | D:2      | Noticed a necrophage
   813 | D:2      | Killed a necrophage
   814 | D:2      | Reached skill level 1 in Staves
   814 | D:2      | Reached XP level 4. HP: 16/40 MP: 5/5
   814 | D:2      | Reached XP level 5. HP: 19/46 MP: 6/6
  1077 | D:2      | Glimpsed the power of Zot.
  1110 | D:2      | Noticed Robin
  1124 | D:2      | Glimpsed the power of Zot.
  1162 | D:2      | Glimpsed the power of Zot.
  1170 | D:2      | Touched by the power of Zot.
  1202 | D:2      | Reached skill level 1 in Dodging
  1446 | D:2      | Killed Robin
  1463 | D:2      | Reached XP level 6. HP: 25/40 MP: 7/7
  1626 | D:3      | Noticed Ijyb
  1669 | D:3      | Killed Ijyb
  1856 | D:3      | Glimpsed the power of Zot.
  1894 | D:2      | HP: 1/43 [something/magic dart (3)]
  1895 | D:2      | Slain by an orc wizard

Illustrated notes

Levels and vault maps discovered:
D:1:      dpeg_arrival_oval, layout_loops_ring
D:2:      minmay_wonky_spiral, layout_loops_ring,
          chequers_ecumenical_altar_grove, uniq_sigmund, uniq_robin
D:3:      layout_basic, minivault_5, uniq_ijyb, uniq_grinder

Skill      XL: |  1  2  3  4  5  6 |
---------------+-------------------+-----
Evocations     | 1 2 |  2.1
Armour         | 4 |  4.8
Shields        | 4 |  4.3
Fighting       | 4 |  4.1
Staves         | 1 |  1.9
Dodging        | 2 |  2.2
Maces & Flails | |  2.6

Action                   |  1- 3 |  4- 6 || total
-------------------------+-------+-------++-------
Melee: Flail             |    64 |   122 ||   186
  Use: Scroll            |       |     2 ||     2
Armor: Scale mail        |    34 |    73 ||   107
Dodge: Dodged            |    40 |   109 ||   149
Block: Buckler           |    14 |    67 ||    81

Table legend: (Time is in decaauts)
 A = Elapsed time spent in this place.
 B = Non-inter-level travel time spent in this place.
 C = Inter-level travel time spent in this place.
 D = Time resting spent in this place.
 E = Time spent auto-exploring this place.
 F = Levels seen in this place.
 G = Mean time per level.
                   A        B        C        D        E       F      G
               +--------+--------+--------+--------+--------+-----+--------+
         Total |   1942 |   1890 |     52 |    676 |    423 |   3 |  647.3 |
       Dungeon |   1942 |   1890 |     52 |    676 |    423 |   3 |  647.3 |
               +--------+--------+--------+--------+--------+-----+--------+

Top non-repeatable levels by time:
     D:1: 709 daAuts
     D:3: 632 daAuts
     D:2: 600 daAuts
